 Dungeon Crawl Stone Soup version 0.16-a0-3994-gbbee317 (webtiles) character file.

1038 Charly the Chopper (level 8, -9/63 HPs)
             Began as a Hill Orc Skald on Feb 13, 2015.
             Mangled by a wraith (10 damage)
             ... on level 7 of the Dungeon.
             The game lasted 00:42:31 (2931 turns).

Charly the Chopper (Hill Orc Skald)                 Turns: 2931, Time: 00:42:34

Health: -9/63      AC:  6    Str: 15    XL:     8   Next: 24%
Magic:  2/11       EV: 17    Int: 19    God:
Gold:   267        SH:  0    Dex: 15    Spells: 4 memorised, 1 level left

rFire  . . .     SeeInvis .     a - +0 hand axe
rCold  . . .     Clarity  .     b - +0 leather armour
rNeg   . . .     SustAb   .     (no shield)
rPois  .         Gourm    .     p - +0 helmet
rElec  .         Spirit   .     (no cloak)
rCorr  .         Warding  .     j - +0 pair of gloves
rMut   .         Stasis   .     n - +0 pair of boots
MR     .....                    (no amulet)
Stlth  ++........               (no ring)
                                (no ring)

@: brilliant, agile, very slightly contaminated, slowed, very slow, not
resistant to hostile enchantments, unstealthy
A: no striking features
a: no special abilities


You were on level 7 of the Dungeon.
You were hungry.

You visited 1 branch of the dungeon, and saw 7 of its levels.
You also visited: Sewer.

You collected 267 gold pieces.

Inventory:

Hand weapons
 a - a +0 hand axe (weapon)
Missiles
 m - 24 poisoned needles
Armour
 b - a +0 leather armour (worn)
 j - a +0 pair of gloves (worn)
 n - a +0 pair of boots (worn)
 p - a +0 helmet (worn)
 t - a +2 ring mail of magic resistance
Jewellery
 s - an uncursed ring of poison resistance {unknown}
Magical devices
 r - a wand of confusion (18)
Scrolls
 d - 4 scrolls of teleportation {unknown}
 f - 2 scrolls of amnesia {unknown}
 g - 3 scrolls of remove curse
 h - a scroll of enchant armour {unknown}
 k - a scroll of fear {unknown}
 l - 2 scrolls of magic mapping {unknown}
 o - 2 scrolls of noise {unknown}
 v - a scroll of recharging {unknown}
 w - 2 scrolls of identify
 x - a scroll of torment {unknown}
Potions
 e - a potion of resistance
 i - 3 potions of brilliance
 q - a potion of agility
 u - 2 potions of curing
Books
 c - a book of Battle

   Spells                             Type                      Level
   a - Infusion                       Charms                       1
   b - Shroud of Golubria             Charms/Translocation         2
   c - Song of Slaying                Charms                       2
   d - Spectral Weapon                Hexes/Charms                 3
   e - Regeneration                   Charms/Necromancy            3


   Skills:
 + Level 3.3 Fighting
 + Level 7.4 Axes
 - Level 1.1 Armour
 - Level 2.2 Dodging
 - Level 1.5 Spellcasting
 - Level 3.1 Hexes
 + Level 5.2 Charms
 - Level 3.1 Necromancy


You had one spell level left.
You knew the following spells:

 Your Spells              Type           Power        Failure   Level  Hunger
i - Infusion              Chrm           ####..       1%          1    ##.....
r - Regeneration          Chrm/Necr      ####......   1%          3    ####...
s - Song of Slaying       Chrm           ####....     1%          2    ###....
w - Spectral Weapon       Hex/Chrm       ####....     1%          3    ####...


Dungeon Overview and Level Annotations

Branches:
Dungeon (7/15)
 Temple: D:4-7

Altars:
Cheibriados
Dithmenos
Elyvilon
Kikubaaqudgha
Nemelex Xobeh
Ru
Vehumet
Zin

Annotations:
D:5 exclusion: statue, BluebellGnoll's ghost, experienced OgVM


Message History

You hit the wraith but do no damage.
The wraith is moderately damaged.
Your spectral weapon fades away.
The wraith completely misses you.
Evoke which item? (* to show all) (? for menu, Esc to quit)
Okay, then.
Drink which item? (? for menu, Esc to quit)
Okay, then.
Evoke which item? (* to show all) (? for menu, Esc to quit)
Zapping:
r - a wand of confusion (19)
Press: ? - help, Shift-Dir - straight line, f - wraith
Aim: a wraith (moderately damaged, chance 15%)
The wraith resists with almost no effort.
This wand has 18 charges left.
The wraith hits you!
* * * LOW HITPOINT WARNING * * *
The wraith drains your vigour!
You feel as though you will be slow longer.
* * * LOW HITPOINT WARNING * * *
The wraith hits you!
You die...

##....########
#.#....# #....#
#.#.#####. #.#.##
#####.........
#.#..
#............#
...##.
#......>.....#
.... .
####.....)......#
...
#..........###.##
#........### .
#..@..###....
####W.........
#.........
#.........
#.........
#........
#....... #....$#
#...


You could see a wraith.

Vanquished Creatures
  The ghost of inmateoo the Shield-Bearer, an average VSFi (Sewer)
  2 sky beasts (D:7)
  2 big kobolds (Sewer)
  A crimson imp (D:7)
  A giant frog zombie (D:7)
  2 centaur skeletons
  2 worker ants
  10 river rats
  12 gnolls
  10 adders
  2 giant mites (D:5)
  4 giant geckos
  An ooze (Sewer)
  5 orcs
  5 ball pythons
  2 bat skeletons
  6 giant cockroaches
  9 hobgoblins
  4 jackals
  4 bats
  A giant gecko skeleton (D:4)
  A giant gecko zombie (D:5)
  6 giant newts
  7 goblins
  A jackal skeleton (D:5)
  24 kobolds
  2 quokkas
  23 rats
150 creatures vanquished.

Vanquished Creatures (others)
  A spectral weapon (D:3)
1 creature vanquished.

Grand Total: 151 creatures vanquished

Notes
Turn   | Place    | Note
--------------------------------------------------------------
     0 | D:1      | Charly, the Hill Orc Skald, began the quest for the Orb.
     0 | D:1      | Reached XP level 1. HP: 18/18 MP: 2/2
    68 | D:1      | Reached skill level 1 in Dodging
   124 | D:1      | Reached XP level 2. HP: 25/25 MP: 0/3
   156 | D:1      | Reached skill level 3 in Axes
   353 | D:2      | Reached XP level 3. HP: 25/30 MP: 1/5
   358 | D:2      | Learned a level 3 spell: Spectral Weapon
   443 | D:3      | Reached XP level 4. HP: 14/37 MP: 3/6
   514 | D:2      | Reached skill level 4 in Axes
   514 | D:2      | Reached skill level 1 in Hexes
   886 | D:3      | Reached XP level 5. HP: 29/42 MP: 3/7
   901 | D:3      | Learned a level 3 spell: Regeneration
  1207 | D:3      | Reached XP level 6. HP: 19/50 MP: 0/9
  1321 | D:3      | Reached skill level 5 in Axes
  1496 | D:4      | Reached skill level 1 in Necromancy
  1595 | D:5      | Entered Level 5 of the Dungeon
  1595 | D:5      | Noticed BluebellGnoll's ghost (experienced OgVM)
  1853 | D:5      | Found a radiant altar of Vehumet.
  1878 | D:5      | Found a sparkling altar of Nemelex Xobeh.
  2051 | D:5      | Found a glowing drain.
  2064 | Sewer    | Entered a sewer
  2069 | Sewer    | Noticed inmateoo's ghost (average VSFi)
  2118 | Sewer    | Killed inmateoo's ghost
  2118 | Sewer    | Reached XP level 7. HP: 8/56 MP: 3/10
  2210 | Sewer    | Reached skill level 6 in Axes
  2491 | D:5      | Learned a level 2 spell: Song of Slaying
  2736 | D:6      | Found a white marble altar of Elyvilon.
  2737 | D:6      | Found a glowing silver altar of Zin.
  2737 | D:6      | Found a shadowy altar of Dithmenos.
  2738 | D:6      | Found a snail-covered altar of Cheibriados.
  2739 | D:6      | Found a sacrificial altar of Ru.
  2739 | D:6      | Found an ancient bone altar of Kikubaaqudgha.
  2811 | D:7      | Reached skill level 7 in Axes
  2811 | D:7      | Reached XP level 8. HP: 15/62 MP: 2/11
  2817 | D:7      | Reached skill level 5 in Charms
  2911 | D:7      | Noticed a wraith
  2931 | D:7      | HP: 1/63 [wraith (4)]
  2931 | D:7      | Mangled by a wraith

Action                   |  1- 3 |  4- 6 |  7- 9 || total
-------------------------+-------+-------+-------++-------
Melee: Hand axe          |    45 |   290 |   152 ||   487
Throw: Javelin           |     7 |     9 |       ||    16
       Throwing net      |       |     3 |       ||     3
 Cast: Infusion          |     7 |    12 |       ||    19
       Spectral Weapon   |     1 |     9 |    10 ||    20
       Regeneration      |       |     6 |     7 ||    13
Evoke: Wand              |       |    15 |     9 ||    24
  Use: Scroll            |       |     5 |     3 ||     8
       Potion            |       |     5 |     5 ||    10
 Stab: Confused          |       |     7 |       ||     7
       Distracted        |       |       |     4 ||     4
  Eat: Meat ration       |       |     1 |       ||     1
       Pizza             |       |     2 |       ||     2
       Beef jerky        |       |     1 |       ||     1
       Bread ration      |       |       |     1 ||     1
